 Dungeon Crawl Stone Soup version 0.31-a0-133-gaae73658be (webtiles) character file.

Game seed: 16330938282522204699

88 jlumianski the Trooper (level 4, -1/38 HPs)
             Began as a Demonspawn Fighter on June 2, 2023.
             Slain by an ogre
             ... wielding a +0 giant spiked club
              (12 damage)
             ... on level 4 of the Dungeon.
             The game lasted 00:04:37 (1896 turns).

jlumianski the Trooper (Demonspawn Fighter)         Turns: 1896, Time: 00:04:37

Health: -1/38      AC:  8    Str: 18    XL:     4   Next: 29%
Magic:  4/4        EV:  9    Int:  9    God:
Gold:   120        SH:  4    Dex: 13    Spells: 3/3 levels left

rFire   . . .        a - +0 war axe
rCold   . . .        c - +0 buckler
rNeg    . . .        b - +0 scale mail
rPois   +            (no helmet)
rElec   .            (no cloak)
rCorr   .            (no gloves)
SInv    .            (no boots)
Will    .....        (no amulet) Stlth
                     j - ring of poison resistance
HPRegen 0.26/turn    (no ring)
MPRegen 0.09/turn

%: no passive effects
@: mighty
A: rugged brown scales 2
a: no special abilities


You were on level 4 of the Dungeon.
You visited 1 branch of the dungeon, and saw 4 of its levels.

You collected 120 gold pieces.

Inventory:

Hand Weapons
 a - a +0 war axe (weapon)
Missiles
 f - 13 poisoned darts (quivered)
Armour
 b - a +0 scale mail (worn)
 c - a +0 buckler (worn)
 i - a +0 pair of boots
Jewellery
 j - a ring of poison resistance (left hand)
Scrolls
 e - 2 scrolls of identify {unknown}
 l - a scroll of enchant weapon {unknown}
 m - a scroll of butterflies {unknown}
Potions
 g - a potion of lignification {unknown}
 h - 2 potions of brilliance {unknown}
 k - a potion of degeneration {unknown}


   Skills:
 + Level 3.8 Fighting
 + Level 2.8 Axes
 + Level 3.2 Armour
 + Level 0.7 Dodging
 + Level 2.7 Shields


You had 3 spell levels left.
You didn't know any spells.
Your spell library was empty.

Dungeon Overview and Level Annotations

Branches:
Dungeon (4/15)
 Temple: D:4-7

Altars:


Innate Abilities, Weirdness & Mutations

You are mostly covered in rugged brown scales. (AC +2, +5% HP)


Message History

a +0 club; a goblin corpse HP restored.
Found a stone staircase leading down.
Found 13 gold pieces.
There is a stone staircase leading down here.
You climb downwards.
The hobgoblin shouts!
Found a mace and a scroll labelled ZENUDGH ZOULYCH.
There is a stone staircase leading up here.
You block the hobgoblin's attack.
You barely miss the hobgoblin.
The hobgoblin hits you but does no damage.
You hit the hobgoblin.
The hobgoblin is almost dead.
The hobgoblin hits you but does no damage.
You hit the hobgoblin.
You kill the hobgoblin!
You see here a hobgoblin corpse.
Found a stone staircase leading up.
Found a trident.
Found a scroll labelled ILEUNE PONUDA.
l - a scroll labelled ZENUDGH ZOULYCH An ogre comes into view.
It is wielding a +0 giant spiked club.
The ogre shouts!
The ogre misses you.
You see here a scroll labelled ILEUNE PONUDA.
m - a scroll labelled ILEUNE PONUDA The ogre attacks as you move away!
The ogre barely misses you.
You feel very mighty all of a sudden. The ogre closely misses you.
You barely miss the ogre.
The ogre hits you with a +0 giant spiked club!!
Ouch! That really hurt!
* * * LOW HITPOINT WARNING * * *
You slash the ogre!
The ogre is heavily wounded.
You slash the ogre!
The ogre is severely wounded.
The ogre hits you with a +0 giant spiked club!
You die...

#.###########
#.#.......<...######
#.######....†....)..
#.# #.####.#####. #.#
##.## .# #.# ##...## .#
#.####.....##.#
###.####.##...<.......
..........O@#..........
###.##########...)##...
##.#.# ..# ....# ..
#.... #####


You could see an ogre.

Vanquished Creatures
  4 gnolls
  A worm (D:2)
  2 dart slugs
  An orc (D:3)
  2 ball pythons
  5 endoplasms
  3 giant cockroaches
  2 goblins
  3 hobgoblins
  2 jackals (D:1)
  3 kobolds (D:2)
  4 quokkas
  4 bats
  4 rats
40 creatures vanquished.

Notes
Turn   | Place    | Note
-------+----------+-------------------------------------------
     0 | D:1      | jlumianski the Demonspawn Fighter began the quest for the
                  | Orb.
     0 | D:1      | Reached XP level 1. HP: 18/18 MP: 1/1
   190 | D:1      | Gained mutation: You are partially covered in rugged brown
                  | scales. (AC +1, +3% HP) [demonic ancestry]
   190 | D:1      | Reached XP level 2. HP: 18/24 MP: 2/2
   478 | D:1      | Found a faded altar of an unknown god.
   914 | D:2      | Reached XP level 3. HP: 27/29 MP: 3/3
  1695 | D:2      | Gained mutation: You are mostly covered in rugged brown
                  | scales. (AC +2, +5% HP) [demonic ancestry]
  1695 | D:2      | Reached XP level 4. HP: 16/38 MP: 4/4
  1884 | D:4      | Noticed an ogre
  1896 | D:4      | Slain by an ogre

Illustrated notes

Levels and vault maps discovered:
D:1:      elethiomel_arrival_quiet, layout_loops_ring,
          ebering_ecumenical_altar_abandoned
D:2:      layout_basic
D:3:      layout_loops_ring, grunt_temple_overflow_open, minmay_unequal,
          uniq_sigmund
D:4:      layout_loops_ring

Skill      XL: |  1  2  3 |
---------------+----------+-----
Axes           | 2 |  2.8
Armour         | 3 |  3.2
Fighting       | |  3.8
Dodging        | |  0.7
Shields        | |  2.7

Action                     |  1- 3 |  4- 6 || total
---------------------------+-------+-------++-------
  Melee: War axe           |    98 |    15 ||   113
    Use: Potion            |       |     1 ||     1
 Armour: Scale mail        |    49 |     4 ||    53
  Dodge: Dodged            |    39 |     8 ||    47
  Block: Buckler           |    21 |     4 ||    25

Table legend: (Time is in decaauts)
 A = Elapsed time spent in this place.
 B = Non-inter-level travel time spent in this place.
 C = Inter-level travel time spent in this place.
 D = Time resting spent in this place.
 E = Time spent auto-exploring this place.
 F = Levels seen in this place.
 G = Mean time per level.
                   A        B        C        D        E       F      G
               +--------+--------+--------+--------+--------+-----+--------+
         Total |   1949 |   1949 |      0 |    131 |   1268 |   4 |  487.2 |
       Dungeon |   1949 |   1949 |      0 |    131 |   1268 |   4 |  487.2 |
               +--------+--------+--------+--------+--------+-----+--------+

Top non-repeatable levels by time:
     D:2: 1173 daAuts
     D:1: 597 daAuts
     D:3: 146 daAuts
     D:4: 31 daAuts
